 Dungeon Crawl Stone Soup version 0.26-a0-849-gf1512cd430 (webtiles) character file.

Game seed: 3813143224195410371

141 Glokmah the Bolt Thrower (level 5, -8/30 HPs)
             Began as a Kobold Arcane Marksman on Nov 20, 2020.
             Was an Initiate of Okawaru.
             Killed by nerve-wracking pain
             ... invoked by an orc priest
              (11 damage)
             ... on level 3 of the Dungeon.
             The game lasted 00:06:49 (4355 turns).

Glokmah the Bolt Thrower (Kobold Arcane Marksman)   Turns: 4355, Time: 00:06:50

Health: -8/30      AC:  3    Str:  8    XL:     5   Next: 48%
Magic:  8/8        EV: 15    Int: 14    God:    Okawaru [......]
Gold:   112        SH:  0    Dex: 16    Spells: 4/8 levels left

rFire    . . .     SeeInvis .   a - +0 hand crossbow
rCold    . . .     Faith    .   (shield restricted)
rNeg     . . .     Spirit   .   n - +0 leather armour
rPois    .         Reflect  .   (no helmet)
rElec    .         Harm     .   (no cloak)
rCorr    .         Rampage  .   (no gloves)
MR       .....                  (no boots)
Stlth    +++.......             (no amulet)
HPRegen  0.10/turn              (no ring)
MPRegen  0.11/turn              (no ring)

@: flying
A: small, nightstalker 3
a: Renounce Religion


You were on level 3 of the Dungeon.
You worshipped Okawaru.
Okawaru was noncommittal.
You visited 1 branch of the dungeon, and saw 3 of its levels.

You collected 112 gold pieces.

Inventory:

Hand Weapons
 a - a +0 hand crossbow (weapon)
 b - a +0 dagger
Missiles
 d - 30 bolts (quivered)
 h - 22 poisoned darts
Armour
 n - a +0 leather armour (worn)
Scrolls
 f - 5 scrolls of identify {unknown}
 j - a scroll of remove curse {unknown}
 k - 2 scrolls of teleportation {unknown}
Potions
 c - a potion of invisibility {unknown}
 g - a potion of flight
 i - a potion of cancellation {unknown}
 l - 2 potions of resistance {unknown}
 m - a potion of curing {unknown}


   Skills:
 + Level 1.9 Fighting
 + Level 1.3 Short Blades
 * Level 3.6 Crossbows
 + Level 3.1 Dodging
 * Level 3.3 Stealth
 - Level 2.0 Spellcasting
 + Level 3.3 Hexes


You had 4 spell levels left.
You knew the following spells:

 Your Spells              Type           Power        Failure   Level
a - Corona                Hex            ##.....      9%          1
b - Inner Flame           Hex/Fire       #.......     45%         3

Your spell library contained the following spells:

 Spells                   Type           Power        Failure   Level
 Slow                     Hex            ##......     13%         2
 Portal Projectile        Hex/Tloc       #.....       45%         3
 Cause Fear               Hex            ##........   65%         4
 Leda's Liquefaction      Hex/Erth       #.........   86%         4


Dungeon Overview and Level Annotations

Branches:
Dungeon (3/15)

Altars:
Cheibriados
Okawaru


Innate Abilities, Weirdness & Mutations

You are small and have problems with some larger weapons.
You are completely attuned to the shadows.


Message History

The orc priest hits you with a cursed -1 dagger.
The orc priest completely misses you.
The orc priest invokes the aid of Beogh against you.
Pain shoots through your body!
* * * LOW HITPOINT WARNING * * *
Firing (i - inventory. (/) - cycle)
d - 31 bolts (quivered)
Press: ? - help, Shift-Dir - straight line, f/p - orc priest
Aim: an orc priest, wielding a -1 dagger and wearing a +0 ring mail (moderately wounded)
You shoot a bolt. The bolt hits the orc priest!
The orc priest is severely wounded.
The orc priest hits you with a +0 war axe.
* * * LOW HITPOINT WARNING * * *
An orc priest comes into view. It is wielding a +0 short sword.
Okay, then.
It was a potion of flight.
You feel very buoyant.
You fly up into the air.
The orc priest calls down the wrath of Beogh upon you.
Pain shoots through your body!
You die...

.#..............
...............#
.###).#...♣...#.
#####.#...###### #.....♣.♣....
.....#......... #....♣.♣.♣...
.....#.........
#...♣.♣†♣.♣.........##+#######
#..♣.♣._.♣.♣......... #
#...♣.♣.♣.♣.... #
#....♣.♣.♣o..o# ##
.....♣.♣(.((@# . .#...♣...#o.#
### ...........# #. #..
.....o##...# #.##..
.....####### #..... .......#
#. #..#.. .......# #.. #..#..
.o.....# #..##..#.. .......#
#.........


You could see 3 orc priests.

Vanquished Creatures
  An iguana (D:2)
  3 adders (D:2)
  An ooze (D:2)
  A worm (D:3)
  3 dart slugs
  2 leopard geckos
  5 orcs (D:3)
  A ball python (D:3)
  5 bats (D:1)
  6 giant cockroaches
  6 goblins
  4 hobgoblins
  5 jackals
  10 kobolds
  3 quokkas
  4 frilled lizards
  6 rats
66 creatures vanquished.

Notes
Turn   | Place    | Note
-------+----------+-------------------------------------------
     0 | D:1      | Glokmah the Kobold Arcane Marksman began the quest for the
                  | Orb.
     0 | D:1      | Reached XP level 1. HP: 12/12 MP: 2/2
   220 | D:1      | Reached skill level 1 in Stealth
   220 | D:1      | Reached XP level 2. HP: 16/16 MP: 1/3
   537 | D:1      | Reached XP level 3. HP: 20/20 MP: 5/5
  1953 | D:2      | Reached XP level 4. HP: 19/25 MP: 6/6
  2079 | D:2      | Reached skill level 1 in Short Blades
  2688 | D:2      | Reached XP level 5. HP: 8/30 MP: 6/8
  3068 | D:2      | Learned a level 3 spell: Inner Flame
  3447 | D:3      | Found a snail-covered altar of Cheibriados.
  4317 | D:3      | Found an iron altar of Okawaru.
  4331 | D:3      | Became a worshipper of Warmaster Okawaru
  4355 | D:3      | Killed from afar by an orc priest

Illustrated notes

Levels and vault maps discovered:
D:1:      minmay_arrival_wavy_path, layout_rooms
D:2:      layout_basic, chequers_serial_rivers_micro_c
D:3:      layout_basic, cheibriados_altar_1, nicolae_overflow_crystal_walls,
          okawaru_trees_2

Skill      XL: |  1  2  3  4  5 |
---------------+----------------+-----
Stealth        | 1 2 3 |  3.3
Crossbows      | 3 |  3.6
Short Blades   | 1 |  1.3
Spellcasting   | 2 |  2.0
Dodging        | 3 |  3.1
Fighting       | |  1.9
Hexes          | |  3.3

Action                   |  1- 3 |  4- 6 || total
-------------------------+-------+-------++-------
Melee: Dagger            |    90 |   125 ||   215
 Fire: Hand crossbow     |    47 |    34 ||    81
 Cast: Corona            |    11 |     1 ||    12
  Use: Potion            |       |     1 ||     1
 Stab: Sleeping          |     3 |    14 ||    17
       Distracted        |       |     1 ||     1
Armor: Robe              |    16 |     5 ||    21
       Leather armour    |       |     6 ||     6
Dodge: Dodged            |   104 |    99 ||   203

Table legend: (Time is in decaauts)
 A = Elapsed time spent in this place.
 B = Non-inter-level travel time spent in this place.
 C = Inter-level travel time spent in this place.
 D = Time resting spent in this place.
 E = Time spent auto-exploring this place.
 F = Levels seen in this place.
 G = Mean time per level.
                   A        B        C        D        E       F      G
               +--------+--------+--------+--------+--------+-----+--------+
         Total |   4374 |   4212 |    162 |   1428 |   1940 |   3 | 1458.0 |
       Dungeon |   4374 |   4212 |    162 |   1428 |   1940 |   3 | 1458.0 |
               +--------+--------+--------+--------+--------+-----+--------+

Top non-repeatable levels by time:
     D:2: 2438 daAuts
     D:1: 1019 daAuts
     D:3: 916 daAuts
